 Dungeon Crawl Stone Soup version 0.29-a0-359-g541a27f54d (webtiles) character file.

Game seed: 13420407087577792925

2 MirrMurr the Sneak (level 1, 0/9 HPs)
             Began as a Spriggan Enchanter on Apr 28, 2022.
             Slain by a kobold
             ... wielding a +0 short sword
              (5 damage)
             ... on level 1 of the Dungeon.
             The game lasted 00:00:37 (92 turns).

MirrMurr the Sneak (Spriggan Enchanter)               Turns: 92, Time: 00:00:37

Health: 0/9        AC:  2    Str:  4    XL:     1   Next: 25%
Magic:  5/5        EV: 17    Int: 16    God:
Gold:   0          SH:  0    Dex: 15    Spells: 5/5 levels left

rFire   . . .      SeeInvis +   a - +1 dagger
rCold   . . .      Faith    .   (no shield)
rNeg    . . .      Spirit   .   b - +0 robe
rPois   .          Reflect  .   (helmet restricted)
rElec   .          Harm     .   (no cloak)
rCorr   .          Rampage  .   (gloves unavailable)
Will    .....                   (boots unavailable)
Stlth   +++.......              (no amulet)
HPRegen 0.03/turn               (no ring)
MPRegen 0.09/turn               (no ring)

@: very quick
A: very small, no large weapons, unfitting armour, see invisible, speed 3
a: no special abilities


You were on level 1 of the Dungeon.
You visited 1 branch of the dungeon, and saw 1 of its levels.

Inventory:

Hand Weapons
 a - a +1 dagger (weapon)
Armour
 b - a +0 robe (worn)
Potions
 c - 2 potions of invisibility


   Skills:
 + Level 1.2 Short Blades
 - Level 2.6 Dodging
 + Level 4.5 Stealth
 - Level 2.6 Spellcasting
 - Level 3.6 Hexes


You had 5 spell levels left.
You didn't know any spells.
Your spell library contained the following spells:

 Spells                   Type           Power      Damage    Failure   Level
 Confusing Touch          Hex            13%        N/A       13%         3
 Tukima's Dance           Hex            13%        N/A       13%         3
 Ensorcelled Hibernation  Hex/Ice        14%        N/A       14%         2
 Dazzling Flash           Conj/Hex       14%        N/A       28%         3


Dungeon Overview and Level Annotations

Branches:
Dungeon (1/15)

Altars:


Innate Abilities, Weirdness & Mutations

You are very small and have problems with some larger weapons.
You are too small for most types of armour.
You have supernaturally acute eyesight. (SInv)
You cover ground extremely quickly. (Speed+++)


Message History

A bat is nearby!
The kobold shouts!
A rat comes into view.
You enter the shallow water.
Moving in this stuff is going to be slow.
You see here a gold piece.
The kobold closely misses you.
You hit the kobold.
The kobold is moderately wounded.
The bat misses you.
The kobold hits you with a +0 short sword.
The bat misses you.
You closely miss the kobold.
The kobold is moderately wounded.
The bat completely misses you. The kobold closely misses you.
You barely miss the kobold.
The kobold is moderately wounded.
The bat closely misses you. The kobold misses you.
Your unstable footing causes you to fumble your attack.
The rat bites you. The kobold misses you. The bat hits you.
The kobold attacks as you move away! The kobold hits you but does no damage.
The bat misses you. The bat closely misses you. The bat completely misses you.
You closely miss the bat. The bat hits you.
You are too injured to fight recklessly!
You are too injured to fight recklessly!
You are too injured to fight recklessly!
You hit the rat.
You kill the rat!
The bat barely misses you. The bat hits you but does no damage.
You hit the bat.
The bat is moderately wounded.
The bat hits you but does no damage.
You closely miss the kobold. The kobold completely misses you.
You hit the kobold but do no damage.
The kobold hits you with a +0 short sword.
Ouch! That really hurt!
You die...

.. g. #.# #.# #+## ###.###
#...## ## #.....# ##.....##
.. #.#.#.## ###.......#
.##.#####.#....###..........
................@Kb≈$≈......
.##.##.##.##...###.≈_≈......
#.##..†..## #.$≈$.....#
#.#####.## #........## #.#
#..# ###....[## #.#######
####+## #.......# #.#.#####
#.#.....#


You could see a bat and a kobold.

Vanquished Creatures
  A hobgoblin (D:1)
  A rat (D:1)
2 creatures vanquished.

Notes
Turn   | Place    | Note
-------+----------+-------------------------------------------
     0 | D:1      | MirrMurr the Spriggan Enchanter began the quest for the
                  | Orb.
     0 | D:1      | Reached XP level 1. HP: 9/9 MP: 5/5
    58 | D:1      | Found a faded altar of an unknown god.
    92 | D:1      | Slain by a kobold

Illustrated notes

Levels and vault maps discovered:
D:1:      matt_arrival_spirals, layout_loops_corners, serial_shops,
          nicolae_shop_competitors_out_of_business,
          hellmonk_ecumenical_altar_pennies_from_heaven

Action                   || total
-------------------------++-------
Melee: Dagger            ||    18
Armor: Robe              ||     3
Dodge: Dodged            ||    23

Table legend: (Time is in decaauts)
 A = Elapsed time spent in this place.
 B = Non-inter-level travel time spent in this place.
 C = Inter-level travel time spent in this place.
 D = Time resting spent in this place.
 E = Time spent auto-exploring this place.
 F = Levels seen in this place.
 G = Mean time per level.
                   A        B        C        D        E       F      G
               +--------+--------+--------+--------+--------+-----+--------+
         Total |     67 |     67 |      0 |      0 |     29 |   1 |   67.0 |
       Dungeon |     67 |     67 |      0 |      0 |     29 |   1 |   67.0 |
               +--------+--------+--------+--------+--------+-----+--------+

Top non-repeatable levels by time:
     D:1: 67 daAuts
